MapleLeafs vs Sharks

Created - February-15-13 at 19:05

Goals
1 2 3 OT1 SO T
MapleLeafs 0 0 1 0 1 1
Sharks 0 0 1 0 2 2
Shots
1 2 3 OT1 SO T
MapleLeafs 11 15 3 3 3 32
Sharks 8 6 6 1 3 21

1st period

No Goal

Penalties :
Johnny Boychuk (SJS) for Holding (Minor) at 8:04, Mike Fisher (TOR) for Roughing (Minor) at 12:30

2nd period

No Goal

Penalties :
Mike Fisher (TOR) for Tripping (Minor) at 0:47, Ryan Malone (SJS) for Tripping (Minor) at 3:21, Evgeni Malkin (TOR) for Hooking (Minor) at 9:05, Andrew Ference (SJS) for Hooking (Minor) at 14:33, Mark Stuart (SJS) for Hooking (Minor) at 19:50

3rd period

1. Sharks , Johan Franzen 20 (Tomas Kaberle, Mike Ribeiro) at 3:59
2. MapleLeafs , Mike Fisher 18 (Evgeni Malkin, Hal Gill) at 4:14

Penalties :
Matt Niskanen (SJS) for Hooking (Minor) at 10:40, Jay Harrison (TOR) for Hooking (Minor) at 15:20

Overtime #1

No Goal

Penalties :
No Penalty

Shootout

Penalty Shot by Evgeni Malkin for MapleLeafs - Shot Misses the Net
Penalty Shot by Shane Doan for Sharks - Goal!
Penalty Shot by Kris Versteeg for MapleLeafs - Goal!
Penalty Shot by Andrew Shaw for Sharks - Shot Misses the Net
Penalty Shot by Mike Fisher for MapleLeafs - Stopped by Brian Elliott
Penalty Shot by Johan Franzen for Sharks - Goal!

Penalties :
No Penalty

Goalie Stats

Ryan Miller (TOR), 20 saves from 21 shots - (0.952), OTL, 28-22-6, 65:00 minutes
Brian Elliott (SJS), 31 saves from 32 shots - (0.969), W, 30-19-8, 65:00 minutes

Players Stats for MapleLeafs

Player Name              G  A  P  +/- PIM S  H  SB GA TA FO     MP     PP MP  PK MP  
------------------------------------------------------------------------------------
Adam Hall                0  0  0   0  0   0  0  0  0  0  3/6    13:59   0:00   5:22 
Adam Henrique            0  0  0  -1  0   3  1  0  0  0  1/1    21:29   4:21   3:09 
Chuck Kobasew            0  0  0   0  0   2  2  0  0  0  0/0     7:03   0:00   0:00 
Derek Dorsett            0  0  0   0  0   1  2  0  0  0  1/7     9:23   0:00   0:00 
Drew Doughty             0  0  0  -1  0   2  1  1  0  0  0/0    26:05   5:08   3:21 
Evgeni Malkin            0  1  1   1  2   9  1  1  0  0  0/0    24:08   5:34   3:19 
Greg Zanon               0  0  0   0  0   0  1  0  0  0  0/0    15:53   0:49   3:21 
Hal Gill                 0  1  1   1  0   0  0  1  0  0  0/0    22:26   4:47   4:35 
Jay Harrison             0  0  0   1  2   2  1  1  0  0  0/0    22:17   3:58   0:00 
Jonathan Ericsson        0  0  0   0  0   0  0  0  0  0  0/0    16:29   0:00   0:00 
Jordin Tootoo            0  0  0   0  0   1  2  0  0  0  0/0     8:37   0:00   0:00 
Kris Versteeg            0  0  0  -1  0   1  0  0  0  0  0/0    18:20   4:21   0:00 
Mike Fisher              1  0  1   1  4   4  4  0  0  0  18/38  21:56   5:34   1:08 
Patrick Marleau          0  0  0   1  0   3  3  0  0  0  3/4    22:26   5:34   2:54 
Philippe Dupuis          0  0  0   0  0   0  0  0  0  0  0/1     7:03   0:00   0:00 
Vernon Fiddler           0  0  0   0  0   1  0  1  0  0  1/4     7:49   0:00   0:00 
Victor Hedman            0  0  0  -1  0   3  2  1  0  0  0/0    26:49   5:08   4:35 
Vincent Lecavalier       0  0  0  -1  0   0  3  0  0  0  10/19  19:48   4:21   0:00 

Players Stats for Sharks

Player Name              G  A  P  +/- PIM S  H  SB GA TA FO     MP     PP MP  PK MP  
------------------------------------------------------------------------------------
Alex Tanguay             0  0  0   0  0   2  0  0  0  0  1/2    21:30   4:03   3:09 
Andrew Ference           0  0  0   1  2   0  2  3  0  0  0/0    24:01   3:46   4:00 
Andrew Shaw              0  0  0   0  0   4  2  0  0  0  0/0    18:24   4:03   0:34 
Ian White                0  0  0   0  0   0  0  2  0  0  0/0    27:05   4:10   4:59 
Jannik Hansen            0  0  0  -1  0   1  1  0  0  0  0/0    10:43   0:00   6:26 
Jaromir Jagr             0  0  0   0  0   0  0  0  0  0  0/0    11:01   0:00   0:00 
Johan Franzen            1  0  1   1  0   1  0  0  0  0  10/19  26:56   3:53   6:32 
Johnny Boychuk           0  0  0   0  2   1  8  1  0  0  0/0    26:38   4:10   4:13 
Kyle Wellwood            0  0  0   0  0   2  0  0  0  0  3/7    11:01   0:00   0:00 
Lauri Korpikoski         0  0  0  -1  0   1  0  0  0  0  2/9    11:19   3:53   3:09 
Mark Stuart              0  0  0  -1  2   0  4  0  0  0  0/0    17:12   0:00   4:36 
Matt Niskanen            0  0  0  -1  2   0  1  0  0  0  0/0    14:50   0:00   1:54 
Mike Ribeiro             0  1  1   1  0   2  1  0  0  0  9/13   14:06   0:00   0:00 
Nik Antropov             0  0  0  -1  0   2  0  0  0  0  4/7     4:17   0:00   0:00 
Ryan Malone              0  0  0   0  2   0  1  0  0  0  0/0    11:28   0:00   0:00 
Shane Doan               0  0  0   1  0   4  3  1  0  0  1/1    20:58   3:53   0:00 
Tomas Kaberle            0  1  1   1  0   0  0  1  0  0  0/0    20:10   3:46   0:08 
Tyler Bozak              0  0  0   0  0   1  1  0  0  0  13/22  18:21   4:03   0:00 

3 Stars

1 - Brian Elliott (SJS)
2 - Ryan Miller (TOR)
3 - Johan Franzen (SJS)

Power Play

MapleLeafs - 0 on 5 Attempt(s) - 0.00%
Sharks - 0 on 4 Attempt(s) - 0.00%

Penalty Kill

MapleLeafs - 4 on 4 Attempt(s) - 100.00% - Score 0 goal in Penalty Kill
Sharks - 5 on 5 Attempt(s) - 100.00% - Score 0 goal in Penalty Kill

Official

Referees : Dean Morton and Gord Dwyer
Linesman : Jay Sharrers and Bryan Pancich

Game Notes

No Game Note

Finance

Level 1 -- Attendance: 6500 (100.00%) -- Ticket Income $650,000
Level 2 -- Attendance: 4845 (96.90%) -- Ticket Income $290,700
Level 3 -- Attendance: 3500 (100.00%) -- Ticket Income $122,500
Level 4 -- Attendance: 1496 (100.00%) -- Ticket Income $29,920
Luxury Box -- Attendance: 967 (96.70%) -- Ticket Income $193,400
Game was played at the HP Pavilion center
Total Attendance: 17308 (98.93%)
Total Ticket Income: $1,286,520
Other Income: $192,978
Total Income: $1,479,498


% Time on Ice - MapleLeafs

Lines # - Real PCT - Wanted PCT - Time Play
Normal Forward
1 - 30% - 32% - 12:30
2 - 33% - 30% - 13:59
3 - 20% - 22% - 8:37
4 - 17% - 16% - 7:03
Normal Defense
1 - 35% - 33% - 14:48
2 - 26% - 27% - 10:52
3 - 27% - 24% - 11:13
4 - 12% - 16% - 5:16
PP Forward
1 - 56% - 53% - 5:34
2 - 44% - 47% - 4:21
PP Defense
1 - 52% - 54% - 5:08
2 - 48% - 46% - 4:47
PK Forward
1 - 60% - 53% - 4:47
2 - 40% - 47% - 3:09
PK Defense
1 - 58% - 53% - 4:35
2 - 42% - 47% - 3:21
PK3 Forward
1 - 0% - 60%
2 - 0% - 40%
PK3 Defense
1 - 0% - 52%
2 - 0% - 48%
44 Forward
1 - 71% - 60% - 3:32
2 - 29% - 40% - 1:28
44 Defense
1 - 56% - 60% - 2:48
2 - 44% - 40% - 2:12
Last Minute Offensive  - 0:00
Last Minute Defensive  - 0:00
Total
Forward - 65:00
Defense - 65:00

% Time on Ice - Sharks

Lines # - Real PCT - Wanted PCT - Time Play
Normal Forward
1 - 33% - 40% - 14:06
2 - 30% - 30% - 12:45
3 - 26% - 20% - 11:01
4 - 10% - 10% - 4:17
Normal Defense
1 - 34% - 40% - 14:26
2 - 34% - 30% - 14:24
3 - 29% - 20% - 12:23
4 - 2% - 10% - 0:56
PP Forward
1 - 49% - 60% - 3:53
2 - 51% - 40% - 4:03
PP Defense
1 - 53% - 60% - 4:10
2 - 47% - 40% - 3:46
PK Forward
1 - 68% - 60% - 6:46
2 - 32% - 40% - 3:09
PK Defense
1 - 51% - 60% - 5:02
2 - 49% - 40% - 4:53
PK3 Forward
1 - 0% - 60%
2 - 0% - 40%
PK3 Defense
1 - 0% - 60%
2 - 0% - 40%
44 Forward
1 - 69% - 60% - 3:27
2 - 31% - 40% - 1:33
44 Defense
1 - 51% - 60% - 2:34
2 - 49% - 40% - 2:26
Last Minute Offensive  - 0:00
Last Minute Defensive  - 0:00
Total
Forward - 65:00
Defense - 65:00

Play by Play

1st period


0:01 of 1st period - Mike Ribeiro wins face-off versus Mike Fisher in neutral zone.
0:06 of 1st period - Evgeni Malkin is hit by Shane Doan and loses puck.
0:24 of 1st period - Off-side.
0:25 of 1st period - Tyler Bozak wins face-off versus Vincent Lecavalier in neutral zone.
0:46 of 1st period - Shot by Andrew Shaw.
0:46 of 1st period - Shot Misses the Net.
0:50 of 1st period - Shot by Tyler Bozak.
0:50 of 1st period - Shot Blocked by Jay Harrison.
0:52 of 1st period - Shot by Andrew Ference.
0:52 of 1st period - Shot Misses the Net.
0:54 of 1st period - Shot by Alex Tanguay.
0:54 of 1st period - Stopped by Ryan Miller without a rebound.
0:55 of 1st period - Kyle Wellwood wins face-off versus Derek Dorsett in MapleLeafs zone.
1:14 of 1st period - Shot by Kyle Wellwood.
1:14 of 1st period - Stopped by Ryan Miller with a rebound.
1:46 of 1st period - Matt Niskanen is hit by Derek Dorsett and loses puck.
2:28 of 1st period - Shot by Victor Hedman.
2:28 of 1st period - Stopped by Brian Elliott without a rebound.
2:29 of 1st period - Mike Fisher wins face-off versus Nik Antropov in Sharks zone.
2:46 of 1st period - Shot by Nik Antropov.
2:46 of 1st period - Stopped by Ryan Miller without a rebound.
2:47 of 1st period - Vincent Lecavalier wins face-off versus Tyler Bozak in MapleLeafs zone.
3:02 of 1st period - Shot by Vincent Lecavalier.
3:02 of 1st period - Shot Misses the Net.
3:18 of 1st period - Shot by Kris Versteeg.
3:18 of 1st period - Shot Misses the Net.
3:23 of 1st period - Vincent Lecavalier is hit by Johnny Boychuk and loses puck.
3:42 of 1st period - Shot by Evgeni Malkin.
3:42 of 1st period - Stopped by Brian Elliott without a rebound.
3:43 of 1st period - Mike Fisher wins face-off versus Mike Ribeiro in Sharks zone.
6:02 of 1st period - Shot by Adam Henrique.
6:02 of 1st period - Stopped by Brian Elliott without a rebound.
6:03 of 1st period - Tyler Bozak wins face-off versus Derek Dorsett in Sharks zone.
6:42 of 1st period - Icing by Drew Doughty.
6:43 of 1st period - Mike Ribeiro wins face-off versus Derek Dorsett in MapleLeafs zone.
6:46 of 1st period - Shot by Johan Franzen.
6:46 of 1st period - Shot Misses the Net.
7:02 of 1st period - Kris Versteeg is hit by Shane Doan and loses puck.
7:13 of 1st period - Johan Franzen is hit by Adam Henrique and loses puck.
7:39 of 1st period - Icing by Jay Harrison.
7:40 of 1st period - Adam Henrique wins face-off versus Kyle Wellwood in MapleLeafs zone.
7:57 of 1st period - Icing by Johnny Boychuk.
7:58 of 1st period - Mike Fisher wins face-off versus Kyle Wellwood in Sharks zone.
8:04 of 1st period - Minor Penalty to Johnny Boychuk for Holding.
8:05 of 1st period - Johan Franzen wins face-off versus Mike Fisher in Sharks zone.
8:36 of 1st period - Icing by Drew Doughty.
8:37 of 1st period - Johan Franzen wins face-off versus Mike Fisher in MapleLeafs zone.
9:18 of 1st period - Icing by Adam Henrique.
9:19 of 1st period - Johan Franzen wins face-off versus Vincent Lecavalier in MapleLeafs zone.
10:01 of 1st period - Icing by Hal Gill.
10:02 of 1st period - Vincent Lecavalier wins face-off versus Lauri Korpikoski in MapleLeafs zone.
10:11 of 1st period - Shot by Kris Versteeg.
10:11 of 1st period - Deflect By Chuck Kobasew.
10:11 of 1st period - Stopped by Brian Elliott with a rebound.
10:13 of 1st period - Shot by Vernon Fiddler.
10:13 of 1st period - Deflect By Chuck Kobasew.
10:13 of 1st period - Stopped by Brian Elliott without a rebound.
10:14 of 1st period - Mike Fisher wins face-off versus Tyler Bozak in Sharks zone.
10:19 of 1st period - Shot by Patrick Marleau.
10:19 of 1st period - Stopped by Brian Elliott without a rebound.
10:20 of 1st period - Tyler Bozak wins face-off versus Mike Fisher in Sharks zone.
10:20 of 1st period - Tyler Bozak is hit by Patrick Marleau.
10:56 of 1st period - Shot by Evgeni Malkin.
10:56 of 1st period - Shot Misses the Net.
10:58 of 1st period - Shot by Victor Hedman.
10:58 of 1st period - Shot Blocked by Tomas Kaberle.
11:00 of 1st period - Shot by Victor Hedman.
11:00 of 1st period - Stopped by Brian Elliott with a rebound.
11:02 of 1st period - Shot by Victor Hedman.
11:02 of 1st period - Deflect By Mike Fisher.
11:02 of 1st period - Stopped by Brian Elliott without a rebound.
11:03 of 1st period - Mike Ribeiro wins face-off versus Vincent Lecavalier in Sharks zone.
11:10 of 1st period - Shot by Johan Franzen.
11:10 of 1st period - Shot Hit the Post.
11:19 of 1st period - Icing by Ian White.
11:20 of 1st period - Mike Ribeiro wins face-off versus Philippe Dupuis in Sharks zone.
11:40 of 1st period - Shot by Vernon Fiddler.
11:40 of 1st period - Stopped by Brian Elliott without a rebound.
11:41 of 1st period - Mike Fisher wins face-off versus Tyler Bozak in Sharks zone.
11:46 of 1st period - Shot by Mike Fisher.
11:46 of 1st period - Shot Misses the Net.
11:49 of 1st period - Icing by Tomas Kaberle.
11:50 of 1st period - Tyler Bozak wins face-off versus Mike Fisher in Sharks zone.
11:50 of 1st period - Tomas Kaberle is hit by Evgeni Malkin and loses puck.
11:59 of 1st period - Patrick Marleau is hit by Andrew Shaw and loses puck.
12:14 of 1st period - Tomas Kaberle is hit by Mike Fisher and loses puck.
12:30 of 1st period - Minor Penalty to Mike Fisher for Roughing.
12:31 of 1st period - Adam Hall wins face-off versus Lauri Korpikoski in MapleLeafs zone.
12:59 of 1st period - Adam Henrique is hit by Shane Doan and loses puck.
13:09 of 1st period - Icing by Johan Franzen.
13:10 of 1st period - Patrick Marleau wins face-off versus Lauri Korpikoski in Sharks zone.
14:04 of 1st period - Shot by Andrew Ference.
14:04 of 1st period - Shot Misses the Net.
14:06 of 1st period - Shot by Andrew Ference.
14:06 of 1st period - Shot Misses the Net.
14:26 of 1st period - Shot by Lauri Korpikoski.
14:26 of 1st period - Stopped by Ryan Miller without a rebound.
14:27 of 1st period - Lauri Korpikoski wins face-off versus Patrick Marleau in MapleLeafs zone.
14:27 of 1st period - Shane Doan is hit by Greg Zanon and loses puck.
14:38 of 1st period - Shot by Kyle Wellwood.
14:38 of 1st period - Shot Misses the Net.
14:46 of 1st period - Shot by Kyle Wellwood.
14:46 of 1st period - Stopped by Ryan Miller without a rebound.
14:47 of 1st period - Nik Antropov wins face-off versus Vincent Lecavalier in MapleLeafs zone.
14:54 of 1st period - Shot by Vincent Lecavalier.
14:54 of 1st period - Shot Misses the Net.
15:04 of 1st period - Icing by Greg Zanon.
15:05 of 1st period - Vincent Lecavalier wins face-off versus Mike Ribeiro in MapleLeafs zone.
15:20 of 1st period - Shot by Vincent Lecavalier.
15:20 of 1st period - Shot Misses the Net.
15:22 of 1st period - Shot by Greg Zanon.
15:22 of 1st period - Shot Hit the Post.
15:51 of 1st period - Mark Stuart is hit by Mike Fisher.
15:54 of 1st period - Icing by Hal Gill.
15:55 of 1st period - Mike Fisher wins face-off versus Kyle Wellwood in MapleLeafs zone.
16:01 of 1st period - Johnny Boychuk is hit by Mike Fisher and loses puck.
16:32 of 1st period - Shot by Mike Fisher.
16:32 of 1st period - Shot Misses the Net.
16:34 of 1st period - Shot by Jay Harrison.
16:34 of 1st period - Stopped by Brian Elliott without a rebound.
16:35 of 1st period - Tyler Bozak wins face-off versus Derek Dorsett in Sharks zone.
17:37 of 1st period - Shot by Shane Doan.
17:37 of 1st period - Stopped by Ryan Miller without a rebound.
17:38 of 1st period - Vincent Lecavalier wins face-off versus Kyle Wellwood in MapleLeafs zone.
18:31 of 1st period - Kris Versteeg is hit by Matt Niskanen and loses puck.
18:42 of 1st period - Shot by Shane Doan.
18:42 of 1st period - Stopped by Ryan Miller without a rebound.
18:43 of 1st period - Tyler Bozak wins face-off versus Mike Fisher in MapleLeafs zone.
18:48 of 1st period - Shot by Tyler Bozak.
18:48 of 1st period - Stopped by Ryan Miller without a rebound.
18:49 of 1st period - Mike Ribeiro wins face-off versus Mike Fisher in MapleLeafs zone.
18:52 of 1st period - Shot by Johan Franzen.
18:52 of 1st period - Shot Misses the Net.
19:02 of 1st period - Shot by Evgeni Malkin.
19:02 of 1st period - Shot Misses the Net.
19:04 of 1st period - Shot by Patrick Marleau.
19:04 of 1st period - Shot Blocked by Andrew Ference.
19:06 of 1st period - Shot by Drew Doughty.
19:06 of 1st period - Stopped by Brian Elliott without a rebound.
19:07 of 1st period - Vernon Fiddler wins face-off versus Tyler Bozak in Sharks zone.
19:32 of 1st period - Shot by Tyler Bozak.
19:32 of 1st period - Shot Misses the Net.
19:56 of 1st period - Tyler Bozak is hit by Chuck Kobasew and loses puck.

2nd period


0:01 of 2nd period - Shane Doan wins face-off versus Mike Fisher in neutral zone.
0:47 of 2nd period - Minor Penalty to Mike Fisher for Tripping.
0:48 of 2nd period - Tyler Bozak wins face-off versus Adam Hall in MapleLeafs zone.
1:13 of 2nd period - Shot by Andrew Shaw.
1:13 of 2nd period - Stopped by Ryan Miller without a rebound.
1:14 of 2nd period - Patrick Marleau wins face-off versus Lauri Korpikoski in MapleLeafs zone.
2:21 of 2nd period - Icing by Andrew Ference.
2:22 of 2nd period - Patrick Marleau wins face-off versus Tyler Bozak in Sharks zone.
3:21 of 2nd period - Minor Penalty to Ryan Malone for Tripping.
3:22 of 2nd period - Johan Franzen wins face-off versus Vincent Lecavalier in Sharks zone.
3:22 of 2nd period - Johnny Boychuk is hit by Vincent Lecavalier and loses puck.
3:41 of 2nd period - Shot by Victor Hedman.
3:41 of 2nd period - Stopped by Brian Elliott without a rebound.
3:42 of 2nd period - Johan Franzen wins face-off versus Mike Fisher in Sharks zone.
3:42 of 2nd period - Johan Franzen is hit by Patrick Marleau.
3:54 of 2nd period - Shot by Evgeni Malkin.
3:54 of 2nd period - Stopped by Brian Elliott without a rebound.
3:55 of 2nd period - Vincent Lecavalier wins face-off versus Johan Franzen in Sharks zone.
3:56 of 2nd period - Shot by Kris Versteeg.
3:56 of 2nd period - Stopped by Brian Elliott without a rebound.
3:57 of 2nd period - Mike Fisher wins face-off versus Johan Franzen in Sharks zone.
3:57 of 2nd period - Evgeni Malkin is hit by Johnny Boychuk and loses puck.
4:07 of 2nd period - Shot by Evgeni Malkin.
4:07 of 2nd period - Stopped by Brian Elliott without a rebound.
4:08 of 2nd period - Vincent Lecavalier wins face-off versus Johan Franzen in Sharks zone.
4:09 of 2nd period - Shot by Victor Hedman.
4:09 of 2nd period - Shot Misses the Net.
4:11 of 2nd period - Shot by Vincent Lecavalier.
4:11 of 2nd period - Deflect By Adam Henrique.
4:11 of 2nd period - Shot Blocked by Ian White.
4:13 of 2nd period - Shot by Victor Hedman.
4:13 of 2nd period - Shot Blocked by Ian White.
4:26 of 2nd period - Shot by Drew Doughty.
4:26 of 2nd period - Shot Misses the Net.
5:16 of 2nd period - Evgeni Malkin is hit by Mark Stuart and loses puck.
6:00 of 2nd period - Jonathan Ericsson is hit by Andrew Ference and loses puck.
6:14 of 2nd period - Evgeni Malkin is hit by Andrew Ference and loses puck.
6:39 of 2nd period - Shot by Mike Fisher.
6:39 of 2nd period - Deflect By Evgeni Malkin.
6:39 of 2nd period - Shot Misses the Net.
6:45 of 2nd period - Shot by Evgeni Malkin.
6:45 of 2nd period - Stopped by Brian Elliott with a rebound.
6:47 of 2nd period - Shot by Patrick Marleau.
6:47 of 2nd period - Stopped by Brian Elliott without a rebound.
6:48 of 2nd period - Mike Ribeiro wins face-off versus Vincent Lecavalier in Sharks zone.
7:12 of 2nd period - Shot by Mike Ribeiro.
7:12 of 2nd period - Stopped by Ryan Miller with a rebound.
7:14 of 2nd period - Shot by Shane Doan.
7:14 of 2nd period - Stopped by Ryan Miller without a rebound.
7:15 of 2nd period - Tyler Bozak wins face-off versus Derek Dorsett in MapleLeafs zone.
7:26 of 2nd period - Tyler Bozak is hit by Jordin Tootoo and loses puck.
7:34 of 2nd period - Derek Dorsett is hit by Mark Stuart and loses puck.
7:54 of 2nd period - Icing by Jordin Tootoo.
7:55 of 2nd period - Derek Dorsett wins face-off versus Mike Ribeiro in MapleLeafs zone.
8:06 of 2nd period - Johan Franzen is hit by Jordin Tootoo and loses puck.
8:47 of 2nd period - Shot by Kris Versteeg.
8:47 of 2nd period - Shot Misses the Net.
8:51 of 2nd period - Shot by Adam Henrique.
8:51 of 2nd period - Shot Misses the Net.
9:00 of 2nd period - Icing by Johnny Boychuk.
9:01 of 2nd period - Mike Ribeiro wins face-off versus Mike Fisher in Sharks zone.
9:05 of 2nd period - Minor Penalty to Evgeni Malkin for Hooking.
9:06 of 2nd period - Tyler Bozak wins face-off versus Adam Hall in MapleLeafs zone.
9:06 of 2nd period - Andrew Ference is hit by Victor Hedman and loses puck.
9:57 of 2nd period - Johnny Boychuk is hit by Mike Fisher and loses puck.
10:09 of 2nd period - Mike Fisher is hit by Johnny Boychuk.
10:12 of 2nd period - Icing by Ian White.
10:13 of 2nd period - Adam Hall wins face-off versus Lauri Korpikoski in Sharks zone.
10:13 of 2nd period - Adam Hall is hit by Johnny Boychuk.
11:07 of 2nd period - Shot by Andrew Shaw.
11:07 of 2nd period - Stopped by Ryan Miller with a rebound.
11:09 of 2nd period - Shot by Matt Niskanen.
11:09 of 2nd period - Shot Misses the Net.
11:42 of 2nd period - Jonathan Ericsson is hit by Ryan Malone and loses puck.
12:29 of 2nd period - Shot by Andrew Shaw.
12:29 of 2nd period - Stopped by Ryan Miller without a rebound.
12:30 of 2nd period - Mike Fisher wins face-off versus Nik Antropov in MapleLeafs zone.
12:30 of 2nd period - Mike Fisher is hit by Jannik Hansen.
12:55 of 2nd period - Shot by Patrick Marleau.
12:55 of 2nd period - Stopped by Brian Elliott without a rebound.
12:56 of 2nd period - Kyle Wellwood wins face-off versus Vincent Lecavalier in Sharks zone.
13:44 of 2nd period - Kyle Wellwood is hit by Vincent Lecavalier and loses puck.
14:32 of 2nd period - Shot by Evgeni Malkin.
14:32 of 2nd period - Stopped by Brian Elliott with a rebound.
14:33 of 2nd period - Minor Penalty to Andrew Ference for Hooking.
14:34 of 2nd period - Mike Fisher wins face-off versus Johan Franzen in Sharks zone.
15:13 of 2nd period - Shot by Evgeni Malkin.
15:13 of 2nd period - Stopped by Brian Elliott without a rebound.
15:14 of 2nd period - Vincent Lecavalier wins face-off versus Johan Franzen in Sharks zone.
15:54 of 2nd period - Victor Hedman is hit by Mark Stuart and loses puck.
16:13 of 2nd period - Shot by Mike Fisher.
16:13 of 2nd period - Stopped by Brian Elliott without a rebound.
16:14 of 2nd period - Johan Franzen wins face-off versus Mike Fisher in Sharks zone.
16:14 of 2nd period - Johan Franzen is hit by Patrick Marleau.
16:46 of 2nd period - Shot by Jordin Tootoo.
16:46 of 2nd period - Shot Misses the Net.
17:05 of 2nd period - Shot by Jordin Tootoo.
17:05 of 2nd period - Stopped by Brian Elliott without a rebound.
17:06 of 2nd period - Tyler Bozak wins face-off versus Vernon Fiddler in Sharks zone.
17:10 of 2nd period - Off-side.
17:11 of 2nd period - Mike Fisher wins face-off versus Tyler Bozak in neutral zone.
17:32 of 2nd period - Shot by Evgeni Malkin.
17:32 of 2nd period - Shot Misses the Net.
17:34 of 2nd period - Shot by Jay Harrison.
17:34 of 2nd period - Stopped by Brian Elliott with a rebound.
17:47 of 2nd period - Shot by Evgeni Malkin.
17:47 of 2nd period - Stopped by Brian Elliott with a rebound.
18:35 of 2nd period - Shot by Kris Versteeg.
18:35 of 2nd period - Shot Blocked by Shane Doan.
18:41 of 2nd period - Shot by Adam Henrique.
18:41 of 2nd period - Shot Blocked by Andrew Ference.
18:43 of 2nd period - Shot by Adam Henrique.
18:43 of 2nd period - Stopped by Brian Elliott with a rebound.
19:21 of 2nd period - Shot by Adam Hall.
19:21 of 2nd period - Shot Misses the Net.
19:23 of 2nd period - Shot by Derek Dorsett.
19:23 of 2nd period - Shot Hit the Post.
19:27 of 2nd period - Shot by Derek Dorsett.
19:27 of 2nd period - Stopped by Brian Elliott without a rebound.
19:28 of 2nd period - Nik Antropov wins face-off versus Mike Fisher in Sharks zone.
19:30 of 2nd period - Icing by Mark Stuart.
19:31 of 2nd period - Nik Antropov wins face-off versus Mike Fisher in Sharks zone.
19:38 of 2nd period - Shot by Nik Antropov.
19:38 of 2nd period - Stopped by Ryan Miller without a rebound.
19:39 of 2nd period - Mike Fisher wins face-off versus Alex Tanguay in MapleLeafs zone.
19:39 of 2nd period - Mike Fisher is hit by Tyler Bozak.
19:50 of 2nd period - Minor Penalty to Mark Stuart for Hooking.
19:51 of 2nd period - Johan Franzen wins face-off versus Vincent Lecavalier in Sharks zone.
19:51 of 2nd period - Johan Franzen is hit by Vincent Lecavalier.

3rd period


0:01 of 3rd period - Johan Franzen wins face-off versus Mike Fisher in neutral zone.
0:27 of 3rd period - Icing by Victor Hedman.
0:28 of 3rd period - Johan Franzen wins face-off versus Mike Fisher in MapleLeafs zone.
0:53 of 3rd period - Shot by Victor Hedman.
0:53 of 3rd period - Shot Misses the Net.
0:55 of 3rd period - Shot by Drew Doughty.
0:55 of 3rd period - Shot Blocked by Johnny Boychuk.
1:37 of 3rd period - Shot by Adam Henrique.
1:37 of 3rd period - Stopped by Brian Elliott without a rebound.
1:38 of 3rd period - Mike Fisher wins face-off versus Lauri Korpikoski in Sharks zone.
2:24 of 3rd period - Greg Zanon is hit by Mark Stuart.
2:48 of 3rd period - Shot by Andrew Shaw.
2:48 of 3rd period - Shot Misses the Net.
3:39 of 3rd period - Shot by Evgeni Malkin.
3:39 of 3rd period - Stopped by Brian Elliott without a rebound.
3:40 of 3rd period - Vincent Lecavalier wins face-off versus Mike Ribeiro in Sharks zone.
3:59 of 3rd period - Shot by Johan Franzen.
3:59 of 3rd period - Goal by Johan Franzen - MapleLeafs : 0 - Sharks : 1.
4:00 of 3rd period - Mike Fisher wins face-off versus Nik Antropov in neutral zone.
4:12 of 3rd period - Shot by Mike Fisher.
4:12 of 3rd period - Shot Misses the Net.
4:14 of 3rd period - Shot by Evgeni Malkin.
4:14 of 3rd period - Deflect By Mike Fisher.
4:14 of 3rd period - Goal by Mike Fisher - MapleLeafs : 1 - Sharks : 1.
4:15 of 3rd period - Mike Ribeiro wins face-off versus Vincent Lecavalier in neutral zone.
4:18 of 3rd period - Victor Hedman is hit by Mike Ribeiro and loses puck.
4:31 of 3rd period - Shot by Johan Franzen.
4:31 of 3rd period - Deflect By Shane Doan.
4:31 of 3rd period - Shot Blocked by Drew Doughty.
4:59 of 3rd period - Shot by Mike Ribeiro.
4:59 of 3rd period - Stopped by Ryan Miller without a rebound.
5:00 of 3rd period - Alex Tanguay wins face-off versus Mike Fisher in MapleLeafs zone.
5:16 of 3rd period - Mike Fisher is hit by Andrew Shaw and loses puck.
6:08 of 3rd period - Shot by Lauri Korpikoski.
6:08 of 3rd period - Shot Misses the Net.
6:10 of 3rd period - Shot by Nik Antropov.
6:10 of 3rd period - Shot Blocked by Hal Gill.
6:18 of 3rd period - Shot by Jannik Hansen.
6:18 of 3rd period - Stopped by Ryan Miller with a rebound.
6:37 of 3rd period - Icing by Hal Gill.
6:38 of 3rd period - Mike Ribeiro wins face-off versus Mike Fisher in MapleLeafs zone.
6:53 of 3rd period - Shot by Shane Doan.
6:53 of 3rd period - Shot Misses the Net.
6:55 of 3rd period - Shot by Andrew Ference.
6:55 of 3rd period - Shot Misses the Net.
6:57 of 3rd period - Shot by Mike Ribeiro.
6:57 of 3rd period - Deflect By Shane Doan.
6:57 of 3rd period - Stopped by Ryan Miller without a rebound.
6:58 of 3rd period - Vincent Lecavalier wins face-off versus Tyler Bozak in MapleLeafs zone.
7:38 of 3rd period - Alex Tanguay is hit by Victor Hedman and loses puck.
8:10 of 3rd period - Greg Zanon is hit by Johnny Boychuk and loses puck.
8:24 of 3rd period - Vernon Fiddler is hit by Johnny Boychuk and loses puck.
8:32 of 3rd period - Philippe Dupuis is hit by Johnny Boychuk and loses puck.
9:02 of 3rd period - Adam Hall is hit by Johnny Boychuk and loses puck.
9:18 of 3rd period - Off-side.
9:19 of 3rd period - Vincent Lecavalier wins face-off versus Tyler Bozak in neutral zone.
10:17 of 3rd period - Icing by Matt Niskanen.
10:18 of 3rd period - Nik Antropov wins face-off versus Mike Fisher in Sharks zone.
10:40 of 3rd period - Minor Penalty to Matt Niskanen for Hooking.
10:41 of 3rd period - Johan Franzen wins face-off versus Mike Fisher in Sharks zone.
11:53 of 3rd period - Shot by Drew Doughty.
11:53 of 3rd period - Shot Misses the Net.
12:59 of 3rd period - Icing by Greg Zanon.
13:00 of 3rd period - Tyler Bozak wins face-off versus Vernon Fiddler in MapleLeafs zone.
13:38 of 3rd period - Andrew Ference is hit by Chuck Kobasew and loses puck.
14:14 of 3rd period - Shot by Ryan Malone.
14:14 of 3rd period - Shot Misses the Net.
14:29 of 3rd period - Shot by Kyle Wellwood.
14:29 of 3rd period - Shot Misses the Net.
14:56 of 3rd period - Shane Doan is hit by Derek Dorsett and loses puck.
15:20 of 3rd period - Minor Penalty to Jay Harrison for Hooking.
15:21 of 3rd period - Tyler Bozak wins face-off versus Adam Hall in MapleLeafs zone.
15:34 of 3rd period - Shot by Andrew Shaw.
15:34 of 3rd period - Shot Blocked by Evgeni Malkin.
15:36 of 3rd period - Shot by Johnny Boychuk.
15:36 of 3rd period - Shot Misses the Net.
15:44 of 3rd period - Shot by Alex Tanguay.
15:44 of 3rd period - Stopped by Ryan Miller with a rebound.
15:46 of 3rd period - Shot by Johnny Boychuk.
15:46 of 3rd period - Stopped by Ryan Miller without a rebound.
15:47 of 3rd period - Lauri Korpikoski wins face-off versus Mike Fisher in MapleLeafs zone.
15:47 of 3rd period - Tomas Kaberle is hit by Drew Doughty and loses puck.
16:25 of 3rd period - Icing by Andrew Ference.
16:26 of 3rd period - Mike Fisher wins face-off versus Lauri Korpikoski in Sharks zone.
16:46 of 3rd period - Icing by Ian White.
16:47 of 3rd period - Adam Hall wins face-off versus Tyler Bozak in Sharks zone.
17:06 of 3rd period - Shot by Alex Tanguay.
17:06 of 3rd period - Deflect By Tyler Bozak.
17:06 of 3rd period - Shot Misses the Net.
17:12 of 3rd period - Shot by Andrew Shaw.
17:12 of 3rd period - Shot Misses the Net.
17:23 of 3rd period - Icing by Jonathan Ericsson.
17:24 of 3rd period - Kyle Wellwood wins face-off versus Vernon Fiddler in MapleLeafs zone.
17:37 of 3rd period - Shot by Jonathan Ericsson.
17:37 of 3rd period - Shot Misses the Net.

Overtime #1


0:01 of 1st overtime period - Mike Fisher wins face-off versus Johan Franzen in neutral zone.
0:06 of 1st overtime period - Shot by Evgeni Malkin.
0:06 of 1st overtime period - Stopped by Brian Elliott with a rebound.
0:30 of 1st overtime period - Shot by Mike Fisher.
0:30 of 1st overtime period - Shot Misses the Net.
0:32 of 1st overtime period - Shot by Drew Doughty.
0:32 of 1st overtime period - Stopped by Brian Elliott without a rebound.
0:33 of 1st overtime period - Mike Fisher wins face-off versus Johan Franzen in Sharks zone.
0:42 of 1st overtime period - Shot by Mike Fisher.
0:42 of 1st overtime period - Shot Misses the Net.
0:46 of 1st overtime period - Shot by Evgeni Malkin.
0:46 of 1st overtime period - Deflect By Mike Fisher.
0:46 of 1st overtime period - Shot Blocked by Andrew Ference.
0:48 of 1st overtime period - Shot by Jay Harrison.
0:48 of 1st overtime period - Shot Misses the Net.
0:50 of 1st overtime period - Shot by Mike Fisher.
0:50 of 1st overtime period - Stopped by Brian Elliott without a rebound.
0:51 of 1st overtime period - Mike Fisher wins face-off versus Johan Franzen in Sharks zone.
0:54 of 1st overtime period - Shot by Evgeni Malkin.
0:54 of 1st overtime period - Shot Misses the Net.
1:44 of 1st overtime period - Shot by Vincent Lecavalier.
1:44 of 1st overtime period - Shot Misses the Net.
2:09 of 1st overtime period - Tyler Bozak is hit by Jay Harrison and loses puck.
2:54 of 1st overtime period - Shot by Andrew Shaw.
2:54 of 1st overtime period - Stopped by Ryan Miller without a rebound.
2:55 of 1st overtime period - Mike Fisher wins face-off versus Johan Franzen in MapleLeafs zone.
3:47 of 1st overtime period - Icing by Johnny Boychuk.
3:48 of 1st overtime period - Tyler Bozak wins face-off versus Derek Dorsett in Sharks zone.
4:07 of 1st overtime period - Shot by Alex Tanguay.
4:07 of 1st overtime period - Shot Blocked by Vernon Fiddler.
4:09 of 1st overtime period - Shot by Johnny Boychuk.
4:09 of 1st overtime period - Shot Blocked by Victor Hedman.
4:17 of 1st overtime period - Shot by Tyler Bozak.
4:17 of 1st overtime period - Shot Misses the Net.

ShootOut


5:00 of 1st overtime period - Penalty Shot by Evgeni Malkin for MapleLeafs.
5:00 of 1st overtime period - Shot Misses the Net.
5:00 of 1st overtime period - Penalty Shot by Shane Doan for Sharks.
5:00 of 1st overtime period - Goal by Shane Doan.
5:00 of 1st overtime period - Penalty Shot by Kris Versteeg for MapleLeafs.
5:00 of 1st overtime period - Goal by Kris Versteeg.
5:00 of 1st overtime period - Penalty Shot by Andrew Shaw for Sharks.
5:00 of 1st overtime period - Shot Misses the Net.
5:00 of 1st overtime period - Penalty Shot by Mike Fisher for MapleLeafs.
5:00 of 1st overtime period - Stopped by Brian Elliott.
5:00 of 1st overtime period - Penalty Shot by Johan Franzen for Sharks.
5:00 of 1st overtime period - Goal by Johan Franzen.


Output by the SimonT Hockey Simulator (STHS) for Stephane Roy -- Original Page W3C XHTML 1.0 Valid
Hockey Simulator - Hockey Simulation - Hockey Manager